 Dungeon Crawl Stone Soup version 0.22.1-1-ga44c0e56f4 (webtiles) character file.

1309 Mjsee792 the Blocker (level 8, -3/71 HPs)
             Began as a Minotaur Fighter on Oct 14, 2018.
             Was a Follower of Okawaru.
             Killed by divine providence
             ... invoked by an orc priest
              (16 damage)
             ... on level 6 of the Dungeon.
             The game lasted 00:10:06 (5516 turns).

Mjsee792 the Blocker (Minotaur Fighter)             Turns: 5516, Time: 00:10:07

Health: -3/71      AC: 16    Str: 22    XL:     8   Next: 32%
Magic:  7/7        EV:  7    Int:  5    God:    Okawaru [*.....]
Gold:   334        SH: 12    Dex: 16    Spells: 7/7 levels left

rFire    . . .     SeeInvis +   v - -1 falchion (curse)
rCold    . . .     Gourm    .   c - +0 shield
rNeg     . . .     Faith    .   l - +5 chain mail "Voystut" {Dex+5 Slay-4 SInv}
rPois    .         Spirit   .   (helmet restricted)
rElec    .         Reflect  .   (no cloak)
rCorr    .         Harm     .   (no gloves)
MR       .....                  (no boots)
Stlth    ..........             (no amulet)
HPRegen  0.21/turn              (no ring)
MPRegen  0.10/turn              (no ring)

@: no status effects
A: retaliatory headbutt, horns 2
a: Heroism, Renounce Religion


You were on level 6 of the Dungeon.
You worshipped Okawaru.
Okawaru was aware of your devotion.
You were hungry.

You visited 2 branches of the dungeon, and saw 7 of its levels.
You also visited: Sewer.

You collected 334 gold pieces.

Inventory:

Hand Weapons
 a - a +1 long sword
 v - a cursed -1 falchion (weapon)
Armour
 b - a +0 scale mail
 c - a +0 shield (worn)
 l - the +5 chain mail "Voystut" (worn) {Dex+5 Slay-4 SInv}
   (You found it on level 4 of the Dungeon)

   It affects your dexterity (+5).
   It affects your accuracy and damage with ranged weapons and melee attacks
   (-4).
   It lets you see invisible.
Jewellery
 w - the ring "Mebog" {rC+ rN+ Str+3 Int+4, unknown}
   (You found it on level 5 of the Dungeon)

   [ring of strength]

   It affects your strength (+3).
   It affects your intelligence (+4).
   It protects you from cold.
   It protects you from negative energy.
Wands
 m - a wand of polymorph (13)
 n - a wand of clouds (5)
 o - a wand of digging (13)
Scrolls
 h - 2 scrolls of remove curse
 k - a scroll of identify
 p - a scroll of immolation {unknown}
 r - 4 scrolls of teleportation
 u - 2 scrolls of blinking
Potions
 d - a potion of might
 e - 4 potions of agility
 g - 2 potions of curing
 i - a potion of ambrosia {unknown}
 j - 3 potions of berserk rage {unknown}
 q - a potion of haste {unknown}
 s - a potion of resistance {unknown}
 t - a potion of flight {unknown}
Comestibles
 f - 9 rations
 x - 6 chunks of flesh


   Skills:
 + Level 6.6 Fighting
 - Level 2.4 Long Blades
 + Level 8.4 Armour
 + Level 8.6 Shields


You had 7 spell levels left.
You didn't know any spells.
Your spell library contained the following spells:

 Spells                   Type           Power        Failure   Level  Hunger
 Summon Butterflies       Summ           #.......     100%        1    ##.....
 Call Canine Familiar     Summ           #.......     100%        3    ####...
 Summon Ice Beast         Ice/Summ       #.......     100%        4    #####..
 Summon Mana Viper        Hex/Summ       #.......     100%        5    ######.
 Summon Hydra             Summ           #.........   100%        7    #######


Dungeon Overview and Level Annotations

Branches:
Dungeon (6/15)             Temple (1/1) D:4

Altars:
Dithmenos
Elyvilon
Hepliaklqana
Makhleb
Nemelex Xobeh
Okawaru
Qazlal
Ru
Trog
Uskayaw
Xom
Zin
The Shining One


Innate Abilities, Weirdness & Mutations

You reflexively headbutt those who attack you in melee.
You have a pair of horns on your head.


Message History

You hit the worker ant but do no damage.
You block the worker ant's attack.
The orc priest miscasts a cantrip.
The orc closely misses you.
The worker ant bites you but does no damage.
Unknown command.
You closely miss the worker ant. Your headbutt misses the worker ant.
The orc priest miscasts a cantrip.
The worker ant bites you. The orc hits you but does no damage.
Unknown command.
You hit the worker ant but do no damage.
Your headbutt misses the worker ant. You block the worker ant's attack.
You block the orc's attack.
The orc priest calls down the wrath of Beogh upon you.
Beogh smites you!
* * * LOW HITPOINT WARNING * * *
You block the worker ant's attack.
The orc priest mumbles some strange prayers to Beogh against you.
Beogh smites you!
You die...

..........)..# #.#
######..###.## #.#
#..# #.# #.# #... #.#
#.#
#.#.##.######.########
#.....................
###.##.######.######.#
.# #...# #@### #a# #o#
#)# o.. ###.# .# .# .#


You could see a worker ant, an orc priest and an orc.

Vanquished Creatures
  Duvessa (D:4)
  3 ogres (D:5)
  A phantom (D:4)
  A centaur (D:6)
  2 bullfrogs (Sewer)
  Dowan (D:4)
  A scorpion (D:5)
  A crimson imp (D:5)
  A bullfrog zombie (D:5)
  An orc priest (D:3)
  An iguana (D:5)
  2 orc wizards (D:6)
  3 worker ants
  A hound zombie (D:5)
  A hound skeleton (D:4)
  13 adders
  A shadow imp (D:5)
  5 worms
  2 dart slugs
  7 leopard geckos
  18 orcs
  2 ball pythons (Sewer)
  9 giant cockroaches
  7 goblins
  6 hobgoblins
  13 jackals
  2 quokkas
  5 bats
  5 frilled lizards
  10 kobolds
  A leopard gecko skeleton (D:5)
  11 rats
138 creatures vanquished.

Notes
Turn   | Place    | Note
-------+----------+-------------------------------------------
     0 | D:1      | Mjsee792 the Minotaur Fighter began the quest for the Orb.
     0 | D:1      | Reached XP level 1. HP: 19/19 MP: 0/0
   233 | D:1      | Reached XP level 2. HP: 25/27 MP: 1/1
   417 | D:1      | Found a glowing golden altar of the Shining One.
   634 | D:2      | Reached XP level 3. HP: 23/33 MP: 2/2
   852 | D:2      | Reached XP level 4. HP: 39/41 MP: 3/3
  1152 | D:2      | Found a glowing silver altar of Zin.
  1291 | D:3      | Found a shadowy altar of Dithmenos.
  1614 | D:3      | Reached skill level 5 in Armour
  1614 | D:3      | Reached skill level 5 in Shields
  1638 | D:3      | Reached XP level 5. HP: 44/47 MP: 4/4
  1766 | D:3      | Found a shimmering altar of Xom.
  2218 | D:4      | Reached skill level 5 in Fighting
  2228 | D:4      | Noticed a phantom
  2264 | D:4      | Killed a phantom
  2264 | D:4      | Reached XP level 6. HP: 17/56 MP: 5/5
  2351 | D:4      | Found a staircase to the Ecumenical Temple.
  2364 | D:4      | Found a white marble altar of Elyvilon.
  2390 | D:4      | Got a pearl-encrusted chain mail
  2408 | D:4      | Found a glowing drain.
  2427 | Sewer    | Entered a sewer
  2485 | Sewer    | Identified the +5 chain mail "Voystut" {Dex+5 Slay-4 SInv}
                  | (You found it on level 4 of the Dungeon)
  3241 | D:4      | Found a hazy altar of Hepliaklqana.
  3505 | Temple   | Entered the Ecumenical Temple
  3602 | Temple   | Became a worshipper of Warmaster Okawaru
  3872 | D:4      | Noticed Duvessa
  3873 | D:4      | Noticed Dowan
  3883 | D:4      | Killed Duvessa
  3883 | D:4      | Reached XP level 7. HP: 58/62 MP: 6/6
  4206 | D:4      | Killed Dowan
  4571 | D:5      | Entered Level 5 of the Dungeon
  4660 | D:5      | Found a sacrificial altar of Ru.
  4784 | D:5      | Reached * piety under Okawaru
  5007 | D:5      | Got a scintillating copper ring
  5101 | D:5      | Reached XP level 8. HP: 71/71 MP: 7/7
  5516 | D:6      | Killed from afar by an orc priest

Skill      XL: |  1  2  3  4  5  6  7  8 |
---------------+-------------------------+-----
Armour         | 4 5 6 7 8 |  8.4
Fighting       | 4 5 6 |  6.6
Shields        | 4 5 6 7 8 |  8.6
Long Blades    | |  2.4

Action                   |  1- 3 |  4- 6 |  7- 9 || total
-------------------------+-------+-------+-------++-------
Melee: Long sword        |    85 |   213 |    34 ||   332
       Headbutt          |    14 |    42 |    51 ||   107
       Falchion          |       |       |   167 ||   167
  Use: Scroll            |       |     5 |     2 ||     7
       Potion            |       |       |     1 ||     1
  Eat: Chunk             |       |     6 |     6 ||    12
       Ration            |       |     1 |       ||     1
Armor: Scale mail        |    34 |    49 |       ||    83
       Chain mail        |       |    48 |    96 ||   144
Dodge: Dodged            |    33 |    71 |    49 ||   153
Block: Shield            |    50 |   154 |   118 ||   322
       Rpst.: Long sword |    10 |    23 |     1 ||    34
       Falchion          |       |       |    10 ||    10
